 Dungeon Crawl Stone Soup version 0.21.1-1-g345015f (webtiles) character file.

41 inc the Vexing (level 3, -5/14 HPs)
             Began as a Felid Enchanter on Feb 25, 2018.
             Slain by a worker ant (7 damage)
             ... on level 3 of the Dungeon.
             The game lasted 00:02:47 (1599 turns).

inc the Vexing (Felid Enchanter)                    Turns: 1599, Time: 00:02:47

Health: -5/14      AC:  1    Str:  4    XL:     3   Next: 32%
Magic:  4/7        EV: 18    Int: 17    God:
Gold:   24         SH:  0    Dex: 16    Spells: 3/6 levels left
                                        Lives:  0   Deaths: 0

rFire    . . .     SeeInvis +     - Unarmed
rCold    . . .     Gourm    .   (shield unavailable)
rNeg     . . .     Faith    .   (armour unavailable)
rPois    .         Spirit   .   (helmet unavailable)
rElec    .         Reflect  .   (cloak unavailable)
rCorr    .         Harm     .   (gloves unavailable)
MR       .....                  (boots unavailable)
Stlth    +++.......             (no amulet)
HPRegen  0.04/turn              (no ring)
MPRegen  0.10/turn              (no ring)

@: lethally poisoned (-5 -> -17), quick
A: very small, no armour, no weapons or thrown items, stealth, claws 1, fangs 3,
see invisible, carnivore, speed 1, shaggy fur 1, slow metabolism 1, sharp paws
a: no special abilities


You were on level 3 of the Dungeon.
You were not hungry.

You visited 1 branch of the dungeon, and saw 3 of its levels.

You collected 24 gold pieces.

Inventory:

Jewellery
 f - an uncursed ring of magical power {unknown}
 h - an uncursed amulet of rage {unknown}
Scrolls
 c - 4 scrolls of identify {unknown}
 d - 2 scrolls of fog {unknown}
 g - a scroll of teleportation {unknown}
Potions
 i - a potion of flight {unknown}
Books
 a - a book of Maledictions

   Spells                             Type                      Level
   a - Corona                         Hexes                        1
   b - Ensorcelled Hibernation        Hexes/Ice                    2
   c - Confuse                        Hexes                        3
   d - Tukima's Dance                 Hexes                        3
   e - Dazzling Spray                 Conjuration/Hexes            3
Comestibles
 b - 4 rations


   Skills:
 + Level 3.0 Dodging
 + Level 4.9 Stealth
 + Level 1.3 Unarmed Combat
 + Level 2.3 Spellcasting
 + Level 4.9 Hexes
 + Level 0.3 Ice Magic


You had 3 spell levels left.
You knew the following spells:

 Your Spells              Type           Power        Failure   Level  Hunger
a - Corona                Hex            ###....      2%          1    #......
b - Ensorcelled Hibernat  Hex/Ice        ##....       10%         2    ###....


Dungeon Overview and Level Annotations

Branches:
Dungeon (3/15)

Altars:


Innate Abilities, Weirdness & Mutations

You cannot wear armour.
You are incapable of wielding weapons or throwing items.
Your paws allow you to move quietly. (Stealth)
You have sharp claws.
You have razor-sharp teeth.
You have supernaturally acute eyesight. (SInv)
You are carnivorous and can eat meat at any time.
You cover ground quickly.
You are covered in fur. (AC +1)
You have a slow metabolism.
Your sharp claws are effective at attacking unaware monsters.


Message History

Press: ? - help, Shift-Dir - straight line, f - you, p - worker ant
Okay, then.
You scratch the worker ant.
The worker ant is almost dead.
The worker ant bites you. The worker ant bites you!
Ouch! That really hurt!
* * * LOW HITPOINT WARNING * * *
You are lethally poisoned!
The worker ant poisons you!
You scratch the worker ant but do no damage.
The worker ant is almost dead.
* * * LOW HITPOINT WARNING * * *
You feel sick. The worker ant misses you.
Unknown command.
You closely miss the worker ant.
The worker ant is almost dead.
* * * LOW HITPOINT WARNING * * *
You feel sick. The worker ant bites you!
Ouch! That really hurt!
You die...

.. ##.## #..
##...#######
..##..........
# ..........#
.#.# #.....#
#.#.#
#<...##....#
##.#.#.....#
###.......#
###@##### #a#
#.# #.# ..#
... ... ....


You could see a worker ant.

Vanquished Creatures
  An adder (D:2)
  A worm (D:2)
  2 dart slugs (D:1)
  2 leopard geckos (D:1)
  2 giant cockroaches
  5 hobgoblins
  A kobold (D:1)
  3 bats (D:1)
  2 frilled lizards
  5 rats
24 creatures vanquished.

Notes
Turn   | Place    | Note
-------+----------+-------------------------------------------
     0 | D:1      | inc the Felid Enchanter began the quest for the Orb.
     0 | D:1      | Reached XP level 1. HP: 7/7 MP: 4/4
   163 | D:1      | Reached XP level 2. HP: 10/11 MP: 6/6
   177 | D:1      | Learned a level 2 spell: Ensorcelled Hibernation
  1348 | D:2      | Reached XP level 3. HP: 14/14 MP: 7/7
  1599 | D:3      | Slain by a worker ant

Skill      XL: |  1  2  3 |
---------------+----------+-----
Dodging        | 3 |  3.0
Stealth        | |  4.9
Unarmed Combat | |  1.3
Spellcasting   | |  2.3
Hexes          | |  4.9
Ice Magic      | |  0.3

Action                   || total
-------------------------++-------
Melee: Unarmed           ||    62
       Bite              ||     2
 Cast: Corona            ||     4
       Ensorcelled Hiber ||    13
  Use: Potion            ||     1
 Stab: Sleeping          ||    18
  Eat: Chunk             ||     1
Armor: Skin              ||     6
Dodge: Dodged            ||    56
